 Dungeon Crawl Stone Soup version 0.14-a0-2592-g262d02f (webtiles) character file.

1014 RedPan the Basher (level 7, 0/41 HPs)
             Began as a Gargoyle Fighter on Feb 12, 2014.
             Slain by a hill giant
             ... wielding a +0,+0 giant club
              (23 damage)
             ... on Level 5 of the Dungeon.
             The game lasted 00:14:24 (4429 turns).

RedPan the Basher (Gargoyle Fighter)                Turns: 4429, Time: 00:14:24

HP   0/41        AC 18     Str 22      XL: 7   Next: 80%
MP   7/7         EV  5     Int  8      God:
Gold 255         SH 18     Dex  9      Spells:  0 memorised,  6 levels left

rFire  . . .     SeeInvis .     a - +0,+1 mace
rCold  . . .     Clarity  .     x - +2 chain mail {MR+}
rNeg   + . .     Conserve .     c - +0 shield
rPois  +         rCorr    .     B - +0 helmet
rElec  +         rRot     +     p - +0 cloak
SustAb . .       Spirit   .     (no gloves)
rMut   .         Warding  .     (no boots)
Saprov . . .     Stasis   .     (no amulet)
MR     ++...                    l - ring of invisibility
                                q - ring of protection from magic

@: very resistant to hostile enchantments, extremely unstealthy
A: life protection 1, electricity resistance, unbreathing, petrification
resistance, AC +4
a: Evoke Invisibility


You were on level 5 of the Dungeon.
You were not hungry.

You visited 1 branch of the dungeon, and saw 6 of its levels.

You collected 255 gold pieces.

Inventory:

Hand weapons
 a - a +0,+1 mace (weapon)
Armour
 c - a +0 shield (worn)
 p - a +0 cloak (worn)
 x - a +2 chain mail of magic resistance (worn)
 B - a +0 helmet (worn)
Magical devices
 j - a wand of random effects (8)
 o - a wand of random effects (5)
 u - a wand of polymorph (9)
Comestibles
 d - 5 bread rations
 h - a pear
 r - 2 apples
 w - 14 grapes
 z - a choko
 C - 2 rotting chunks of orc flesh
 F - a chunk of worker ant flesh
Scrolls
 f - a scroll of remove curse
 i - a scroll of enchant weapon II
 k - 2 scrolls of amnesia
 m - a scroll of fog
 v - a scroll of identify
Jewellery
 l - a ring of invisibility (right hand)
 q - a ring of protection from magic (left hand)
Potions
 b - a potion of restore abilities {unknown}
 e - 3 potions of heal wounds
 g - 2 potions of curing {unknown}
 n - 2 potions of invisibility {unknown}
 s - 2 potions of speed {unknown}
 t - a potion of lignification {unknown}
 A - 2 potions of flight {unknown}
 D - a potion of brilliance {unknown}
 E - a potion of blood


   Skills:
 - Level 3.2 Fighting
 + Level 9.4 Maces & Flails
 - Level 3.2 Armour
 - Level 3.2 Shields


You had 6 spell levels left.
You didn't know any spells.

Dungeon Overview and Level Annotations

Branches:
Dungeon (6/16)
 Temple: D:4-7

Altars:
Ashenzari
Cheibriados
Dithmenos
Elyvilon
Fedhas
Kikubaaqudgha
Xom


Innate Abilities, Weirdness & Mutations

You are resistant to torment.
You are immune to poison.
Your stone body is very resilient (AC +4).
You resist negative energy.
You are resistant to electric shocks.
You can survive without breathing.
You are immune to petrification.


Message History

Aim: a hill giant, wielding a giant club The hill giant easily resists.
u - a wand of polymorph {zapped: 1} The iguana bites you.
Evoke which item? (* to show all) (? for menu, Esc to quit)
Zapping:
u - a wand of polymorph {zapped: 1}
Press: ? - help, Shift-Dir - straight line, f/p - hill giant
Aim: a hill giant, wielding a giant club The hill giant easily resists.
You block the hill giant's attack. The iguana bites you.
You thump the hill giant!
The hill giant is lightly wounded.
The hill giant hits you with a giant club!
You block the iguana's attack.
You hit the hill giant.
The hill giant is lightly wounded.
You block the iguana's attack.
The hill giant hits you with a giant club!
Ouch! That really hurt!
You die...

# ######### # #.......# #
#.......# ##### #
#.......# #...#
##########.......# #...#
.................# #...#
.#########.......# #...#
.#########.....C.# #...#
(..............l@# #...#
..##########.########...#
..# #.##....))...#
..##########.##.#####...#
...............>.# #...#
..########.......# ###.#
.........#.......# #.#
########.#.......# #.#
#.#.......# #.#


You could see a hill giant and an iguana.

Vanquished Creatures
  A sky beast (D:5)
  An ogre (D:5)
  Sigmund (D:5)
  4 hounds
  2 orc priests
  An iron imp (D:4)
  Natasha (thrice) (D:4)
  A scorpion (D:4)
  2 worker ants (D:5)
  Ijyb (D:4)
  Terence (D:2)
  4 adders
  2 orc zombies (D:5)
  3 worms
  An ufetubus (D:4)
  3 oozes
  12 orcs
  4 giant cockroaches
  9 goblins
  15 hobgoblins
  2 jackals (D:4)
  3 quokkas
  2 ball pythons (D:3)
  10 bats
  4 giant newts
  21 kobolds
  A quokka zombie (D:5)
  10 rats
  A rat skeleton (D:4)
  A butterfly (D:4)
126 creatures vanquished.

Vanquished Creatures (others)
  A plant (D:4)
1 creature vanquished.

Grand Total: 127 creatures vanquished

Notes
Turn   | Place    | Note
--------------------------------------------------------------
     0 | D:1      | RedPan, the Gargoyle Fighter, began the quest for the Orb.
     0 | D:1      | Reached XP level 1. HP: 14/14 MP: 1/1
     0 | D:1      | Noticed a centaur
     0 | D:1      | Noticed a ghoul
     3 | D:1      | Noticed a human
     5 | D:1      | Noticed an ogre
     8 | D:1      | Noticed a naga
    10 | D:1      | Noticed a troll
    12 | D:1      | Noticed an ogre
    13 | D:1      | Noticed a felid
    14 | D:1      | Noticed a human
    16 | D:1      | Noticed a troll
    18 | D:1      | Noticed an ogre
    18 | D:1      | Noticed an octopode
    19 | D:1      | Noticed an ogre
    81 | D:1      | Reached XP level 2. HP: 13/19 MP: 2/2
   495 | D:1      | Reached XP level 3. HP: 23/23 MP: 3/3
   780 | D:2      | Reached skill level 4 in Maces & Flails
   807 | D:2      | Found a snail-covered altar of Cheibriados.
   902 | D:2      | Found a shadowy altar of Dithmenos.
  1015 | D:2      | Noticed Terence
  1029 | D:2      | Killed Terence
  1373 | D:2      | Reached XP level 4. HP: 28/28 MP: 4/4
  1537 | D:3      | Found a white marble altar of Elyvilon.
  1538 | D:3      | Found a shattered altar of Ashenzari.
  1794 | D:3      | Reached skill level 5 in Maces & Flails
  2178 | D:3      | Reached XP level 5. HP: 29/32 MP: 5/5
  2405 | D:4      | Noticed a phantom
  2540 | D:4      | Reached skill level 6 in Maces & Flails
  2667 | D:4      | Reached XP level 6. HP: 28/37 MP: 6/6
  2740 | D:4      | Found a shimmering altar of Xom.
  2778 | D:4      | Noticed Natasha
  2792 | D:4      | Killed Natasha
  2792 | D:4      | Reached skill level 7 in Maces & Flails
  2898 | D:4      | Noticed Ijyb
  2920 | D:4      | Killed Ijyb
  2950 | D:4      | Found an ancient bone altar of Kikubaaqudgha.
  2972 | D:4      | Found a blossoming altar of Fedhas.
  3209 | D:4      | Noticed Natasha
  3215 | D:4      | Killed Natasha
  3377 | D:4      | Noticed Natasha
  3397 | D:4      | Killed Natasha
  3432 | D:5      | Entered Level 5 of the Dungeon
  3627 | D:5      | Noticed Sigmund
  3662 | D:5      | Killed Sigmund
  3662 | D:5      | Reached skill level 8 in Maces & Flails
  3662 | D:5      | Reached XP level 7. HP: 3/41 MP: 7/7
  4268 | D:5      | Reached skill level 9 in Maces & Flails
  4416 | D:6      | Noticed a hill giant
  4419 | D:5      | Upgraded the game from 0.14-a0-2564-g94087c3 to 0.14-a0-2592-g262d02f
  4429 | D:5      | Slain by a hill giant

Action                   |  1- 3 |  4- 6 |  7- 9 || total
-------------------------+-------+-------+-------++-------
Melee: Mace              |   152 |   382 |    81 ||   615
Evoke: Wand              |     7 |     1 |     2 ||    10
  Use: Scroll            |       |    14 |     2 ||    16
       Potion            |       |       |     1 ||     1
 Stab: Paralysed         |     6 |       |       ||     6
